 Seeded DCSS version 0.28-a0-1286-g6bde065e89 (webtiles) character file.

Game seed: 17673437539440951008 (custom seed)

707 croobank the Cutter (level 7, -11/67 HPs)
             Began as an Ogre Hunter on Dec 26, 2021.
             Was an Initiate of Trog.
             Mangled by a two-headed ogre (18 damage)
             ... on level 5 of the Dungeon.
             The game lasted 00:53:21 (7736 turns).

croobank the Cutter (Ogre Hunter)                   Turns: 7736, Time: 00:53:22

Health: -11/67     AC: 14    Str: 19    XL:     7   Next: 67%
Magic:  7/7        EV:  0    Int: 18    God:    Trog [......]
Gold:   131        SH:  0    Dex:  9    Spells: 1/6 levels left

rFire   + . .      SeeInvis .   c - +0 whip
rCold   + . .      Faith    .   (no shield)
rNeg    . . .      Spirit   .   h - +1 gold dragon scales
rPois   +          Reflect  .   (helmet restricted)
rElec   .          Harm     .   (no cloak)
rCorr   .          Rampage  .   (gloves unavailable)
Will    .....                   (boots unavailable)
Stlth   ..........              (no amulet)
HPRegen 0.21/turn               i - +6 ring of intelligence
MPRegen 0.10/turn               (no ring)

@: mighty
A: large, unfitting armour, tough skin 1
a: Renounce Religion


You were on level 5 of the Dungeon.
You worshipped Trog.
Trog was noncommittal.
You visited 2 branches of the dungeon, and saw 6 of its levels.
You also visited: Sewer.

You collected 161 gold pieces.
You spent 30 gold pieces at shops.

Inventory:

Hand Weapons
 a - a +0 giant club
 b - a +1 hunting sling of flaming
 c - a +0 whip (weapon)
 j - a +0 mace
 n - a +0 short sword
 z - a +0 war axe
Missiles
 d - a throwing net
 e - 35 arrows
 f - 17 poisoned darts
 k - 116 stones
 o - 2 curare-tipped darts
 x - 3 large rocks (quivered)
 y - 5 boomerangs
Armour
 h - +1 gold dragon scales (worn)
 r - a +0 robe
Jewellery
 i - a +6 ring of intelligence (left hand)
Scrolls
 g - 3 scrolls of magic mapping {magic mapping, unknown}
 q - 2 scrolls of teleportation {teleport, unknown}
 u - a scroll of fear {fear, unknown}
 B - 2 scrolls of summoning {summoning, unknown}
Potions
 l - a potion of attraction
 m - a potion of ambrosia
 s - a potion of resistance {resistance, unknown}
 t - 3 potions of curing
 v - a potion of might


   Skills:
 - Level 3.1 Fighting
 - Level 5.8 Short Blades
 - Level 2.0(2.6) Axes
 + Level 2.1(2.5) Maces & Flails
 - Level 4.1 Throwing
 + Level 1.5 Armour
 - Level 2.0 Dodging
 - Level 1.1 Stealth


You had one spell level left.
You knew the following spells:

 Your Spells              Type           Power      Damage    Failure   Level
a - Ensorcelled Hibernat  Hex/Ice        0%         N/A       100%        2
b - Spider Form           Tmut/Pois      0%         N/A       100%        3

Your spell library contained the following spells:

 Spells                   Type           Power      Damage    Failure   Level


Dungeon Overview and Level Annotations

Branches:
Dungeon (5/15)             Temple (1/1) D:4           Sewer (visited)

Altars:
Dithmenos
Elyvilon
Fedhas
Gozag
Hepliaklqana
Kikubaaqudgha
Makhleb
Nemelex Xobeh
Okawaru
Sif Muna
Trog
Uskayaw
Vehumet
Wu Jian
Yredelemnul

Shops:
D:1 *=**[   D:3 (


Innate Abilities, Weirdness & Mutations

You are too large for most types of armour.
You have tough skin. (AC +1)


Message History

You hit the hound skeleton.
The hound skeleton is almost destroyed.
The hound skeleton bites you.
You hit the hound skeleton.
You destroy the hound skeleton!
Trog accepts your kill.
x - 3 large rocks (gained 1)
x - 4 large rocks (gained 1);
f - 17 poisoned darts (gained 1)
Found 10 gold pieces.
You now have 131 gold pieces (gained 10).
Found a stone staircase leading down.
Found a stone staircase leading down.
There is a stone staircase leading down here.
A two-headed ogre comes into view. It is wielding two +0 giant clubs.
The two-headed ogre shouts in stereo!
Throw: 4 large rocks
Press: ? - help, Q - select action, (/) - cycle Shift-Dir - straight line, f - two-headed ogre
Aim: a two-headed ogre, wielding two +0 giant clubs (70% to hit)
You throw a large rock.
The large rock hits the two-headed ogre!
The two-headed ogre is moderately wounded.
You feel very mighty all of a sudden.
Your gold dragon scales prevents you from hitting the two-headed ogre.
The two-headed ogre is moderately wounded.
The two-headed ogre hits you with a +0 giant club! x2
You hit the two-headed ogre.
The two-headed ogre is moderately wounded.
You barely miss the two-headed ogre.
The two-headed ogre is moderately wounded.
The two-headed ogre hits you with a +0 giant club!
The two-headed ogre hits you with a +0 giant club.
Your gold dragon scales prevents you from hitting the two-headed ogre.
The two-headed ogre is moderately wounded.
The two-headed ogre hits you with a +0 giant club!!
The two-headed ogre hits you with a +0 giant club!
* * * LOW HITPOINT WARNING * * *
You hit the two-headed ogre.
The two-headed ogre is moderately wounded.
The two-headed ogre hits you with a +0 giant club!!
You die...

##...#............#
##...#............#
...<.#########....#
....)##.....##....#
..).........##...###########
##..........#######.##.....#
##...........#.........>..##
.#...##.....##............#
.#...###'#####>.@.........#
.#.|........##.O....###..####
.#..........##......###..#..#
##...##.....................#
##...##.....................#
.....##.....##..............#
.....##.....##..............#
......#.....##....##.##....##
##...##...(.################


You could see a two-headed ogre.

Vanquished Creatures
  An ogre (D:4)
  A phantom (D:4)
  3 kobold brigands (Sewer)
  An orc priest (D:4)
  A jelly (D:3)
  An iguana (D:4)
  A hound skeleton (D:5)
  3 gnolls (D:5)
  5 adders
  3 river rats (Sewer)
  7 worms
  2 dart slugs
  5 orcs
  6 bats
  6 endoplasms
  3 giant cockroaches
  8 hobgoblins
  8 jackals
  11 quokkas
  8 ball pythons
  7 frilled lizards
  11 goblins
  5 kobolds
  8 rats
115 creatures vanquished.

Vanquished Creatures (others)
  2 fungi (D:2)
  13 plants
15 creatures vanquished.

Grand Total: 130 creatures vanquished

Notes
Turn   | Place    | Note
-------+----------+-------------------------------------------
     0 | D:1      | croobank the Ogre Hunter began the quest for the Orb.
     0 | D:1      | Reached XP level 1. HP: 22/22 MP: 1/1
   177 | D:1      | Reached XP level 2. HP: 23/29 MP: 2/2
   202 | D:1      | Reached skill level 1 in Stealth
   465 | D:1      | Found Ofacsuor's Antique Armour Shoppe.
   867 | D:1      | Found Jevuggewn's General Store.
   920 | D:1      | Found Jilaoseh's General Store.
   921 | D:1      | Found Rianeppeh's Jewellery Shoppe.
   954 | D:1      | Reached skill level 1 in Short Blades
   955 | D:1      | Reached XP level 3. HP: 22/37 MP: 3/3
  1005 | D:2      | Found a burning altar of Makhleb.
  1024 | D:3      | Found a glowing drain.
  1062 | Sewer    | Entered a sewer
  1335 | Sewer    | Upgraded the game from 0.28-a0-1236-gb25a51b929 to
                  | 0.28-a0-1286-g6bde065e89
  1692 | Sewer    | Reached skill level 2 in Short Blades
  1773 | Sewer    | Reached XP level 4. HP: 26/45 MP: 4/4
  1920 | Sewer    | Noticed a kobold brigand
  1962 | Sewer    | Killed a kobold brigand
  1963 | Sewer    | Reached skill level 3 in Short Blades
  1963 | Sewer    | Reached XP level 5. HP: 41/53 MP: 5/5
  2382 | Sewer    | Noticed a kobold brigand
  2410 | Sewer    | Killed a kobold brigand
  2411 | Sewer    | Reached skill level 4 in Short Blades
  2411 | Sewer    | Reached XP level 6. HP: 46/61 MP: 6/6
  2537 | Sewer    | Reached skill level 5 in Short Blades
  3696 | D:1      | Found Qiutujon's Assorted Antiques.
  3861 | D:1      | Bought a scroll labelled WAKKICH FUAHOO for 30 gold pieces
  4329 | D:2      | Learned a level 2 spell: Ensorcelled Hibernation
  4333 | D:2      | Learned a level 3 spell: Spider Form
  4509 | D:2      | Found a faded altar of an unknown god.
  4821 | D:3      | Found Ycy Xewa's Weapon Shop.
  5176 | D:4      | Reached XP level 7. HP: 67/67 MP: 7/7
  5321 | D:4      | Found a staircase to the Ecumenical Temple.
  5332 | Temple   | Entered the Ecumenical Temple
  5437 | Temple   | Became a worshipper of Trog the Wrathful
  5991 | D:4      | Reached skill level 1 in Maces & Flails
  6713 | D:5      | Entered Level 5 of the Dungeon
  6829 | D:4      | Reached skill level 1 in Armour
  7725 | D:5      | Noticed a two-headed ogre
  7736 | D:5      | Mangled by a two-headed ogre

Illustrated notes

Levels and vault maps discovered:
D:1:      minmay_arrival_up_and_down, layout_basic, serial_shops, shop,
          nicolae_shop_stone, nicolae_diamond_shop, nicolae_shop_hallway_stairs,
          nicolae_shop_stone
D:2:      layout_rooms, shapermc_ecumenical_altar_petra, basic_altar,
          minmay_indecisive_spiral
D:3:      layout_rooms, cheibrodos_sewer_entry_drain, serial_shops, shop,
          lemuel_old_faithful
D:4:      layout_layer_cave, temple_hall
D:5:      layout_gridville
Temple:   kilobyte_greek_temple

Skill      XL: |  1  2  3  4  5  6  7 |
---------------+----------------------+-----
Fighting       | 3 |  3.1
Dodging        | 2 |  2.0
Stealth        | 1 |  1.1
Short Blades   | 1 2 3 4 5 |  5.8
Axes           | 2 |  2.0
Maces & Flails | 2 |  2.1
Armour         | 1 |  1.5
Throwing       | |  4.1

Action                   |  1- 3 |  4- 6 |  7- 9 || total
-------------------------+-------+-------+-------++-------
Melee: Short sword       |   154 |    98 |     3 ||   255
       Whip              |       |   279 |    94 ||   373
       Giant club        |       |       |    41 ||    41
Throw: Large rock        |    20 |     4 |    12 ||    36
       Throwing net      |     3 |       |     1 ||     4
       Dart              |     2 |    62 |     6 ||    70
  Use: Potion            |     1 |     2 |     5 ||     8
       Scroll            |     1 |     4 |     2 ||     7
Armor: Robe              |    46 |       |       ||    46
       Gold dragon scale |    38 |   304 |   106 ||   448
       Skin              |       |       |    33 ||    33
Dodge: Dodged            |    93 |     5 |     6 ||   104

Table legend: (Time is in decaauts)
 A = Elapsed time spent in this place.
 B = Non-inter-level travel time spent in this place.
 C = Inter-level travel time spent in this place.
 D = Time resting spent in this place.
 E = Time spent auto-exploring this place.
 F = Levels seen in this place.
 G = Mean time per level.
                   A        B        C        D        E       F      G
               +--------+--------+--------+--------+--------+-----+--------+
         Total |   7956 |   7816 |    140 |   2563 |   3025 |   7 | 1136.6 |
       Dungeon |   5737 |   5629 |    108 |   1454 |   2654 |   5 | 1147.4 |
        Temple |    137 |    105 |     32 |      0 |     99 |   1 |  137.0 |
         Sewer |   2081 |   2081 |      0 |   1109 |    272 |   1 | 2081.0 |
               +--------+--------+--------+--------+--------+-----+--------+

Top non-repeatable levels by time:
   Sewer: 2081 daAuts
     D:4: 2049 daAuts
     D:1: 1565 daAuts
     D:2: 1033 daAuts
     D:3: 673 daAuts
     D:5: 414 daAuts
  Temple: 137 daAuts
